 Dungeon Crawl Stone Soup version 0.29-a0-384-g6960b1960d (webtiles) character file.

Game seed: 11335777142873758366

87782 Antichthon the Bludgeoner (level 15, -2/106 HPs)
             Began as a Gargoyle Fighter on May 6, 2022.
             Was the Champion of the Shining One.
             Killed by divine providence
             ... invoked by a meliai
              (9 damage)
             ... on level 13 of the Dungeon.
             The game lasted 00:59:14 (22594 turns).

Antichthon the Bludgeoner (Gargoyle Fighter)       Turns: 22594, Time: 00:59:15

Health: -2/106     AC: 47    Str: 16    XL:     15   Next: 91%
Magic:  22/22      EV:  9    Int: 19    God:    the Shining One [******]
Gold:   396        SH: 10    Dex:  9    Spells: 14/14 levels left

rFire   + + .      SeeInvis +   a - +0 morningstar (flame)
rCold   + + +      Faith    .   f - +3 warlock's mirror {reflect}
rNeg    + + +      Spirit   .   I - +5 chain mail of the Sneaky Dreams {rF++ rC+++ Str-5 Int+2 SInv}
rPois   ∞          Reflect  +   l - +1 helmet
rElec   +          Harm     .   v - +2 cloak
rCorr   .          Rampage  +   t - +0 pair of gloves
Will    +....                   Q - +2 pair of boots {rampage}
Stlth   ..........              (no amulet)
HPRegen 0.27/turn               i - +4 ring of protection
MPRegen 0.18/turn               B - +4 ring of protection

@: flying, glowing, studying Short Blades
A: sickness immunity, AC +11, big wings, negative energy resistance 1,
electricity resistance, torment resistance 1, petrification resistance, robust
1, strong 1, subdued magic 2, noise suppression
a: Renounce Religion, Divine Shield, Cleansing Flame, Summon Divine Warrior,
Brand Weapon With Holy Wrath


You were on level 13 of the Dungeon.
You worshipped the Shining One.
The Shining One was exalted by your worship.
You visited 4 branches of the dungeon, and saw 22 of its levels.
You also visited: Ossuary.

You collected 2402 gold pieces.
You spent 2006 gold pieces at shops.

Inventory:

Hand Weapons
 a - a +0 morningstar of flaming (weapon)
 b - the +5 hand crossbow of Responsibility {penet, rF+ Int+4}
   (You bought it in a shop on level 2 of the Orcish Mines)

   Any ammunition fired by it passes through the targets it hits, potentially
   hitting all targets in its path until it reaches maximum range.
   Int:       It affects your intelligence (+4).
   rF:        It protects you from fire.
Armour
 f - the +3 warlock's mirror (worn) {reflect}
   (You bought it in a shop on level 2 of the Orcish Mines)

   It can block and reflect piercing ranged attacks and magical attacks against
   the wielder's willpower.
 l - a +1 helmet (worn)
 t - a +0 pair of gloves (worn)
 v - a +2 cloak (worn)
 I - the +5 chain mail of the Sneaky Dreams (worn) {rF++ rC+++ Str-5 Int+2 SInv}
   (You bought it in a shop on level 2 of the Orcish Mines)

   Str:       It affects your strength (-5).
   Int:       It affects your intelligence (+2).
   rF:        It greatly protects you from fire.
   rC:        It renders you almost immune to cold.
   SInv:      It lets you see invisible.
 Q - a +2 pair of boots of rampaging (worn)
Jewellery
 i - a +4 ring of protection (left hand)
 m - a ring of protection from fire
 B - a +4 ring of protection (right hand)
 F - a ring of protection from fire
 H - a ring of resist corrosion
 M - a ring of protection from cold
 T - a +4 ring of evasion
Wands
 n - a wand of mindburst (6)
 o - a wand of iceblast (22)
 q - a wand of paralysis (3)
 u - a wand of polymorph (4)
 P - a wand of acid (7)
 R - a wand of flame (10)
Scrolls
 c - 3 scrolls of poison
 e - 2 scrolls of enchant weapon
 g - 12 scrolls of teleportation
 h - a scroll of enchant armour
 s - 2 scrolls of fear
 w - 3 scrolls of magic mapping
 y - 3 scrolls of brand weapon
 C - 2 scrolls of fog
 J - a scroll of summoning
 K - 8 scrolls of identify
 L - 2 scrolls of vulnerability
 N - 2 scrolls of immolation
 O - a scroll of amnesia
Potions
 d - 8 potions of might
 j - 14 potions of curing
 k - 2 potions of brilliance
 p - 2 potions of lignification
 r - 3 potions of resistance
 x - 2 potions of cancellation
 A - 3 potions of attraction
 D - a potion of magic
 E - 3 potions of ambrosia
 S - a potion of mutation


   Skills:
 * Level 12.7 Fighting
 * Level 16.4 Maces & Flails
 * Level 1.3 Crossbows
 * Level 12.0 Armour
 * Level 7.3 Dodging
 * Level 13.1 Shields
 * Level 10.0 Invocations


You had 14 spell levels left.
You didn't know any spells.
Your spell library contained the following spells:

 Spells                   Type           Power      Damage    Failure   Level
 Animate Skeleton         Necr           0%         N/A       88%         1
 Apportation              Tloc           0%         N/A       88%         1
 Beastly Appendage        Tmut           0%         N/A       88%         1
 Freeze                   Ice            0%         1d3       88%         1
 Sting                    Tmut/Pois      0%         1d3       88%         1
 Summon Small Mammal      Summ           0%         N/A       88%         1
 Ensorcelled Hibernation  Hex/Ice        0%         N/A       96%         2
 Poisonous Vapours        Pois/Air       0%         N/A       96%         2
 Wereblood                Tmut           0%         N/A       96%         2
 Frozen Ramparts          Ice            0%         1d2       99%         3
 Spider Form              Tmut/Pois      0%         N/A       99%         3
 Tukima's Dance           Hex            0%         N/A       99%         3
 Anguish                  Hex/Necr       0%         N/A       100%        4
 Flame Wave               Conj/Fire      0%         2d4       100%        4
 Hailstorm                Conj/Ice       0%         3d3       100%        4
 Olgreb's Toxic Radiance  Pois           0%         N/A       100%        4
 Passage of Golubria      Tloc           0%         N/A       100%        4
 Petrify                  Tmut/Erth      0%         N/A       100%        4
 Freezing Cloud           Conj/Ice/Air   0%         6-21      100%        5
 Lee's Rapid Deconstruct  Erth           0%         3d5*      100%        5
 Silence                  Hex/Air        0%         N/A       100%        5
 Summon Forest            Summ/Tloc      0%         N/A       100%        5
 Yara's Violent Unravell  Hex/Tmut       0%         3d3       100%        5
 Conjure Ball Lightning   Conj/Air       0%         3x3d6     100%        6
 Eringya's Noxious Bog    Tmut/Pois      0%         N/A       100%        6
 Simulacrum               Ice/Necr       0%         N/A       100%        6
 Summon Hydra             Summ           0%         N/A       100%        7
 Discord                  Hex            0%         N/A       100%        8
 Disjunction              Tloc           0%         N/A       100%        8
 Lehudib's Crystal Spear  Conj/Erth      0%         10d2      100%        8
 Chain Lightning          Conj/Air       0%         N/A       100%        9
 Fire Storm               Conj/Fire      0%         5d1       100%        9
 Polar Vortex             Ice            0%         N/A       100%        9
 Shatter                  Erth           0%         3d5*      100%        9


Dungeon Overview and Level Annotations

Branches:
Dungeon (13/15)            Temple (1/1) D:4            Lair (6/6) D:11
 Shoals (0/4) Lair:2       Spider (0/4) Lair:3        Slime (0/5) Lair:5
    Orc (2/2) D:9             Elf (0/3) Orc:2       Ossuary (visited)
 Vaults: D:13-14

Altars:
Ashenzari
Cheibriados
Dithmenos
Elyvilon
Fedhas
Gozag
Hepliaklqana
Kikubaaqudgha
Makhleb
Nemelex Xobeh
Okawaru
Qazlal
Ru
Sif Muna
Trog
Uskayaw
Vehumet
Wu Jian
Xom
Yredelemnul
Zin
The Shining One
Jiyva
Lugonu

Shops:
D:5 =   Orc:2 [(*:*[*

Portals:
Abyss: Lair:3 Lair:6
Pandemonium: Orc:2

Annotations:
Lair:3 2 transporters, Antichthon's ghost, adept FoAK


Innate Abilities, Weirdness & Mutations

You are immune to sickness and miasma.
Your stone body is resilient. (AC +11)
You are immune to poison.
Your large and strong wings let you fly.
You resist negative energy. (rN+)
You are resistant to electric shocks. (rElec)
You are resistant to unholy torment.
You are immune to petrification.
You are robust. (+10% HP)
Your muscles are strong. (Str +2)
Your spells are easier to cast, but less powerful.
You passively dampen the noise of your surroundings.


Message History

The meliai invokes the aid of its god against you.
Something smites you! The meliai hits you but does no damage.
You block the meliai's attack.
Unknown command.
You hit the meliai but do no damage. The meliai hits you but does no damage.
The meliai stings you but does no damage.
The meliai hits you but does no damage. The meliai barely misses you.
The meliai hits you but does no damage. You block the meliai's attack.
The meliai hits you but does no damage. You block the meliai's attack.
Unknown command.
You puncture the meliai! You burn the meliai.
The meliai is severely wounded.
The meliai closely misses you.
The meliai stings you but does no damage.
You block the meliai's attack. x2
Unknown command.
You closely miss the meliai.
The meliai is severely wounded.
You block the meliai's attack.
The meliai stings you but does no damage.
The meliai hits you with a +0 hand axe.
The meliai stings you but does no damage.
You block the meliai's attack. The meliai barely misses you.
The meliai invokes the aid of its god against you.
Something smites you!
* * * LOW HITPOINT WARNING * * *
You closely miss the meliai.
The meliai is severely wounded.
The meliai barely misses you. The meliai stings you!
* * * LOW HITPOINT WARNING * * *
The meliai calls down the wrath of its god upon you.
Something smites you!
* * * LOW HITPOINT WARNING * * *
Unknown command.
Blink to where?
Press: ? - help, Dir - move target
As you read the scroll of blinking, it crumbles to dust.
The meliai mumbles some strange prayers to its god against you.
Something smites you!
You die...

.....##.[..........
.......yy..........
.....##)..........#
... .##............
...#...........##.#.
...#.########.....#
.........# #.....#
.........# #.....#
.........####...@.#..
#.#..................#
#........###......#.##
...###...###...#..#..#
......#.#......#..# ..
...##.#.##...^.#..# ..
.. #....#.....#..# .
#####....#.........
....#....#.........


You could see 2 meliai.

Vanquished Creatures
  Saint Roka (Orc:2)
  Snorg (D:12)
  Josephine (D:9)
  Erolcha (Orc:2)
  7 hydras
  3 boulder beetles
  2 demonspawn (Orc:2)
  Erica (Orc:1)
  A catoblepas (Lair:6)
  18 death yaks
  A tengu warrior (D:9)
  4 two-headed ogres
  2 orc high priests (Orc:2)
  Urug (D:11)
  2 thrashing horrors (Lair:6)
  A fire crab (Lair:6)
  6 orc knights
  10 orc sorcerers (Orc:2)
  An ugly thing (Lair:6)
  An oklob plant (Lair:3)
  2 cyclopes
  2 manticores (D:12)
  A salamander (Lair:5)
  3 black mambas
  5 elephants (Lair:5)
  A torpor snail (Lair:4)
  Psyche (D:9)
  15 cane toads
  2 rime drakes
  A smoke demon (Lair:6)
  2 gargoyles
  A yaktaur (shapeshifter) (Lair:6)
  A kobold demonologist (D:10)
  9 komodo dragons
  An efreet (D:12)
  3 ice devils
  3 trolls
  A polar bear (Lair:6)
  2 ancient zymes (Lair:6)
  A meliai (D:13)
  A hornet (D:9)
  8 slime creatures
  A tarantella (shapeshifter) (Lair:6)
  35 blink frogs
  Sigmund (D:5)
  7 wraiths
  2 ynoxinuls (Lair:6)
  8 small abominations (Lair:6)
  A spriggan (Lair:6)
  3 shadows
  67 yaks
  5 wyverns
  A fire elemental (Lair:4)
  4 basilisks
  3 chaos spawn
  A redback (Lair:3)
  4 vampire mosquitoes (D:12)
  4 large abominations (Lair:6)
  2 acid dragons
  15 water moccasins
  3 wargs
  Duvessa (D:4)
  34 orc warriors
  A black bear (D:8)
  6 ogres
  9 wolves
  12 centaurs
  A phantom (D:7)
  2 kobold brigands (D:9)
  Blork the orc (D:5)
  3 elf zombies (Ossuary)
  8 bullfrogs
  A necrophage (D:6)
  2 gnoll sergeants
  A scorpion (D:7)
  4 wights (D:8)
  6 jellies
  Dowan (D:4)
  9 killer bees
  An electric eel (Lair:2)
  A howler monkey (D:9)
  A crimson imp (D:3)
  3 human zombies (Ossuary)
  2 hounds
  18 orc priests
  2 gnoll shamans
  Crazy Yiuf (D:4)
  Ijyb (D:5)
  6 iguanas
  13 orc wizards
  2 mummies (Ossuary)
  18 gnolls
  9 adders
  A river rat (Lair:3)
  A shadow imp (D:7)
  2 ufetubi
  2 adder zombies (Ossuary)
  2 worms
  5 dart slugs
  51 orcs
  6 bats
  7 endoplasms
  2 giant cockroaches
  5 goblins
  3 hobgoblins
  8 jackals
  7 quokkas
  5 ball pythons
  2 frilled lizards
  5 hobgoblin zombies (Ossuary)
  2 jackal zombies (Ossuary)
  15 kobolds
  12 kobold zombies (Ossuary)
  8 orc zombies (Ossuary)
  6 rats
  2 rat zombies (Ossuary)
  A spectral hobgoblin (D:3)
638 creatures vanquished.

Vanquished Creatures (others)
  An orc (Orc:2)
  14 fungi
  50 plants
65 creatures vanquished.

Grand Total: 703 creatures vanquished

Notes
Turn   | Place    | Note
-------+----------+-------------------------------------------
     0 | D:1      | Antichthon the Gargoyle Fighter began the quest for the
                  | Orb.
     0 | D:1      | Reached XP level 1. HP: 14/14 MP: 1/1
   311 | D:1      | Reached XP level 2. HP: 16/19 MP: 2/2
  1148 | D:2      | Reached XP level 3. HP: 23/23 MP: 3/3
  1272 | D:2      | Identified the +5 chain mail of Starshine {rC+ Regen+ Str-3
                  | SInv}
  1359 | D:2      | Noticed an ogre
  1366 | D:2      | Killed an ogre
  1367 | D:2      | Reached skill level 3 in Maces & Flails
  1367 | D:2      | Reached skill level 1 in Invocations
  1367 | D:2      | Reached XP level 4. HP: 11/29 MP: 3/5
  1367 | D:2      | Reached XP level 5. HP: 13/33 MP: 3/6
  1683 | D:3      | Reached skill level 1 in Dodging
  1805 | D:3      | Found a hazy altar of Hepliaklqana.
  2111 | D:3      | Found a shimmering altar of Xom.
  2111 | D:3      | Found a burning altar of Makhleb.
  2153 | D:3      | Reached skill level 4 in Maces & Flails
  2153 | D:3      | Reached XP level 6. HP: 38/38 MP: 7/7
  2246 | D:4      | Noticed Duvessa
  2247 | D:4      | Noticed Dowan
  2264 | D:4      | Killed Duvessa
  2283 | D:4      | Killed Dowan
  2380 | D:4      | Reached XP level 7. HP: 42/43 MP: 8/8
  2391 | D:4      | Found a shimmering blue altar of Sif Muna.
  2693 | D:4      | Reached skill level 5 in Maces & Flails
  2934 | D:4      | Found a runed translucent door.
  2935 | D:4      | Noticed Crazy Yiuf
  3004 | D:4      | Found a staircase to the Ecumenical Temple.
  3014 | Temple   | Entered the Ecumenical Temple
  3071 | Temple   | Became a worshipper of the Shining One
  3358 | D:4      | Killed Crazy Yiuf
  3421 | D:5      | Entered Level 5 of the Dungeon
  3554 | D:5      | Noticed Sigmund
  3568 | D:5      | Killed Sigmund
  3586 | D:5      | Found Dufehesh's Jewellery Shop.
  3721 | D:5      | Reached XP level 8. HP: 46/48 MP: 10/10
  3758 | D:5      | Reached skill level 6 in Maces & Flails
  4003 | D:5      | Gained mutation: Your spells are a little easier to cast,
                  | but a little less powerful. [potion of mutation]
  4003 | D:5      | Gained mutation: You passively dampen the noise of your
                  | surroundings. [potion of mutation]
  4003 | D:5      | Gained mutation: You are robust. (+10% HP) [potion of
                  | mutation]
  4003 | D:5      | Gained mutation: Your muscles are strong. (Str +2) [potion
                  | of mutation]
  4127 | D:5      | Noticed Ijyb
  4151 | D:5      | Killed Ijyb
  4221 | D:5      | Noticed Blork the orc
  4231 | D:5      | Killed Blork the orc
  4232 | D:5      | Reached skill level 5 in Armour
  4511 | D:6      | Reached skill level 5 in Fighting
  4559 | D:6      | Noticed a cyclops
  4571 | D:6      | Killed a cyclops
  4572 | D:6      | Reached skill level 7 in Maces & Flails
  4572 | D:6      | Reached skill level 5 in Shields
  4670 | D:6      | Reached XP level 9. HP: 52/59 MP: 11/11
  4696 | D:6      | Found a glowing silver altar of Zin.
  4696 | D:6      | Found a blossoming altar of Fedhas.
  4748 | D:6      | Found an iron altar of Okawaru.
  4895 | D:6      | Found a sand-covered staircase.
  4918 | Ossuary  | Entered an ossuary
  4936 | Ossuary  | Reached * piety under the Shining One
  4983 | Ossuary  | Reached ** piety under the Shining One
  5060 | Ossuary  | Reached *** piety under the Shining One
  5173 | Ossuary  | Reached skill level 8 in Maces & Flails
  6192 | D:7      | Reached **** piety under the Shining One
  6476 | D:8      | Reached skill level 9 in Maces & Flails
  6559 | D:8      | Identified the +5 quarterstaff of Clean Tender Mercy
                  | {vorpal, Fly}
  6673 | D:8      | Identified the +5 war axe of Causality {vamp, +Blink rC+
                  | Str-3}
  6800 | D:8      | Noticed a two-headed ogre
  6811 | D:8      | Killed a two-headed ogre
  6812 | D:8      | Reached XP level 10. HP: 46/67 MP: 13/13
  7165 | D:9      | Found a transporter.
  7185 | D:9      | Found a transporter.
  7186 | D:9      | Noticed a boulder beetle
  7242 | D:9      | Reached skill level 5 in Invocations
  7307 | D:9      | Noticed a tengu warrior
  7481 | D:9      | Reached skill level 10 in Maces & Flails
  7528 | D:9      | Found a sparkling altar of Nemelex Xobeh.
  7529 | D:9      | Found a staircase to the Orcish Mines.
  7638 | D:9      | Noticed Psyche
  7664 | D:9      | Killed Psyche
  7958 | D:9      | Killed a tengu warrior
  8105 | D:10     | Entered Level 10 of the Dungeon
  8164 | D:10     | Found a sacrificial altar of Ru.
  8184 | D:10     | Reached XP level 11. HP: 73/73 MP: 15/15
  8185 | D:10     | Found a broken altar of Ashenzari.
  8227 | D:10     | Noticed a sun demon
  8232 | D:10     | Reached ***** piety under the Shining One
  8253 | D:10     | Found a shadowy altar of Dithmenos.
  8329 | D:10     | Noticed a two-headed ogre
  8350 | D:10     | Killed a two-headed ogre
  8351 | D:10     | Reached skill level 11 in Maces & Flails
  8625 | D:10     | Found a snail-covered altar of Cheibriados.
  8917 | D:10     | Found a radiant altar of Vehumet.
  9234 | D:11     | Found a staircase to the Lair.
  9258 | D:11     | Noticed Urug
  9283 | D:11     | Killed Urug
  9334 | D:11     | Noticed an eight-headed hydra
  9344 | D:11     | Killed an eight-headed hydra
  9618 | Lair:1   | Entered Level 1 of the Lair of Beasts
  9618 | Lair:1   | Noticed an eight-headed hydra
  9629 | Lair:1   | Killed an eight-headed hydra
  9713 | Lair:1   | Reached skill level 12 in Maces & Flails
  9728 | Lair:1   | Noticed a six-headed hydra
  9732 | Lair:1   | Reached XP level 12. HP: 82/82 MP: 16/16
  9740 | Lair:1   | Killed a six-headed hydra
  9963 | Lair:1   | Identified the +6 long sword "Tullihao" {freeze, rPois rC+
                  | Stlth+}
 10495 | Lair:2   | Reached skill level 5 in Dodging
 10662 | Lair:2   | Found a sacrificial altar of Ru.
 10749 | Lair:2   | Found a staircase to the Shoals.
 11308 | Lair:3   | Found a transporter.
 11314 | Lair:3   | Identified the +8 glaive of Gozag's Whim {venom, rC+}
 11316 | Lair:3   | Noticed a rakshasa
 11330 | Lair:3   | Found a one-way gate to the infinite horrors of the Abyss.
 11330 | Lair:3   | Noticed Antichthon's ghost (adept FoAK)
 11417 | Lair:3   | Reached skill level 13 in Maces & Flails
 11514 | Lair:3   | Noticed a great orb of eyes
 11515 | Lair:3   | Found a transporter.
 11648 | Lair:3   | Found a hole to the Spider Nest.
 11802 | Lair:3   | Reached XP level 13. HP: 81/89 MP: 18/18
 11821 | Lair:3   | Got the Handbook of the Rocks and Ignition
 12446 | Lair:4   | Reached skill level 10 in Shields
 12508 | Lair:4   | Reached skill level 10 in Fighting
 12922 | Lair:5   | Reached skill level 14 in Maces & Flails
 13208 | Lair:4   | Reached skill level 10 in Armour
 14002 | Lair:5   | Found a burning altar of Makhleb.
 14260 | Lair:5   | Gained mutation: Your large and strong wings let you fly.
                  | [Gargoyle growth]
 14260 | Lair:5   | Reached XP level 14. HP: 95/96 MP: 20/20
 14299 | Lair:5   | Found a runed translucent door.
 14299 | Lair:5   | Found a viscous altar of Jiyva.
 14377 | Lair:5   | Found a staircase to the Slime Pits.
 14833 | Lair:6   | Entered Level 6 of the Lair of Beasts
 15368 | Lair:6   | Reached skill level 15 in Maces & Flails
 16565 | Lair:6   | Reached ****** piety under the Shining One
 16704 | Lair:6   | Identified the ring of Xom's Entertainment {Wiz MP+9}
 17052 | Lair:6   | Found the +7 great mace "Firestarter" {inner flame, rF++}
 17054 | Lair:6   | Found a corrupted altar of Lugonu.
 17410 | Orc:1    | Entered Level 1 of the Orcish Mines
 17410 | Orc:1    | Noticed Josephine
 17424 | D:9      | Killed Josephine
 17425 | D:9      | Reached XP level 15. HP: 92/105 MP: 22/22
 18037 | Orc:1    | Noticed Erica
 18058 | Orc:1    | Killed Erica
 18163 | Orc:2    | Entered Level 2 of the Orcish Mines
 18239 | Orc:2    | Noticed Erolcha
 18239 | Orc:2    | Noticed Saint Roka
 18439 | Orc:2    | Found Kiole's General Store.
 18663 | Orc:2    | Reached skill level 16 in Maces & Flails
 18752 | Orc:2    | Found Liry's General Store.
 18915 | Orc:2    | Bought a scroll of teleportation for 30 gold pieces
 19299 | Orc:2    | Found Qucsiff's Armour Shop.
 19303 | Orc:2    | Found a staircase to the Elven Halls.
 19308 | Orc:2    | Bought the +3 warlock's mirror {reflect} for 480 gold
                  | pieces
 19308 | Orc:2    | Found the +3 warlock's mirror {reflect}
 19791 | Orc:2    | Killed Saint Roka
 19885 | Orc:2    | Found Gitzy's Armour Emporium.
 19924 | Orc:2    | Killed Erolcha
 19969 | Orc:2    | Found Rinof's General Store.
 20019 | Orc:2    | Bought the +5 chain mail of the Sneaky Dreams {rF++ rC+++
                  | Str-5 Int+2 SInv} for 1216 gold pieces
 20266 | Orc:2    | Paralysed by an orc sorcerer for 2 turns
 20325 | Orc:2    | Found Weirghicew's Antique Weapon Boutique.
 20325 | Orc:2    | Found Rucse's Book Shop.
 20325 | Orc:2    | Found a one-way gate leading to the halls of Pandemonium.
 20340 | Orc:2    | Gained mutation: Your spells are easier to cast, but less
                  | powerful. [a neqoxec]
 20539 | Orc:2    | Bought a transparent hand crossbow for 280 gold pieces
 20539 | Orc:2    | Identified the +5 hand crossbow of Responsibility {penet,
                  | rF+ Int+4} (You bought it in a shop on level 2 of the
                  | Orcish Mines)
 21633 | D:12     | Reached skill level 10 in Invocations
 21680 | D:12     | Reached skill level 1 in Crossbows
 22223 | D:13     | Noticed Snorg
 22246 | D:12     | Killed Snorg
 22594 | D:13     | Killed from afar by a meliai

Illustrated notes

Levels and vault maps discovered:
D:1:      dpeg_arrival_brainrot, layout_basic
D:2:      layout_rooms, serial_corexii_hall, corexii_hall_statues_deadend,
          chequers_hall_statues_corner_a, grunt_decor_mini_mirrors
D:3:      layout_rooms, grunt_temple_overflow_champion_of_chaos,
          nicolae_hepliaklqana_monster_ancestors, serial_corexii_hall,
          chequers_hall_statues_corner_a, chequers_hall_statues_y
D:4:      cheibrodos_pilgrimage, layout_basic, led_sif_pool,
          minmay_temple_entry_offerings, minivault_19, uniq_duvessa,
          uniq_crazy_yiuf_cottage
D:5:      layout_loops_corners, serial_shops, kennysheep_mini_moat,
          minmay_misc_feat_pillars, grunt_decor_junction, lemuel_flamethrower_2,
          uniq_sigmund, uniq_ijyb, uniq_blork_the_orc
D:6:      layout_rooms, general_overflow_altar, mainiacjoe_overflow_big_doors,
          nicolae_ossuary_entry_false_entrances
D:7:      layout_gridville
D:8:      layout_loops_ring, nrook_mini_vaults
D:9:      gammafunk_boulding_lane, layout_small_grid,
          mainiacjoe_overflow_small_starburst, minmay_bent, uniq_psyche
D:10:     layout_irregular_city, nicolae_dithmenos_the_darkroom,
          lemuel_coloured_pillars_altar, amcnicky_altar_gilded,
          nicolae_ru_awakened_eye, mainiacjoe_overflow_cross_hatched,
          minivault_24, kennysheep_small_circle
D:11:     layout_cross, lair_entry_dummy, uniq_urug
D:12:     layout_roguey
D:13:     layout_basic, st_stairs_12, uniq_snorg
Temple:   nicolae_temple_figure_zero
Lair:1:   layout_long_grid
Lair:2:   layout_concentric_octagons, minmay_shoals_entry_centaurs, basic_altar,
          serial_bayou_ford_a
Lair:3:   layout_concentric_octagons, spider_nest_entry_rubble,
          gammafunk_ghost_abyssal_escape, minmay_lair_oklob_items,
          nicolae_lair_lil_pond, pond
Lair:4:   layout_big_grid
Lair:5:   layout_gridlike, slime_altar_2, basic_altar, grunt_megastairs_5
Lair:6:   hellmonk_lair_end_abyssal_woods, layout_cave_pods, st_stairs_5,
          infiniplex_staircase_pool
Orc:1:    layout_caves, uniq_josephine, uniq_erica
Orc:2:    pf_orc_diabolical, layout_caves, serial_shops, shop, shop_statue,
          nicolae_diamond_shop, uniq_erolcha, uniq_saint_roka

Skill      XL: |  1  2  3  4  5  6  7  8  9 10 11 12 13 14 15 |
---------------+----------------------------------------------+-----
Maces & Flails | 3 4 5 7 9 10 12 13 14 15 16 | 16.4
Invocations    | 1 2 3 4 5 6 7 8 9 10 | 10.0
Dodging        | 1 2 3 4 5 6 7 |  7.3
Fighting       | 4 5 6 7 8 9 10 11 12 | 12.7
Armour         | 4 5 6 7 8 9 10 11 12 | 12.0
Shields        | 4 5 6 8 9 10 11 13 | 13.1
Crossbows      | 1 |  1.3

Action                   |  1- 3 |  4- 6 |  7- 9 | 10-12 | 13-15 || total
-------------------------+-------+-------+-------+-------+-------++-------
Melee: Flail             |   103 |   142 |   408 |   874 |   276 ||  1803
       Unarmed           |       |       |     2 |       |       ||     2
       Morningstar       |       |       |       |       |  1814 ||  1814
  Use: Scroll            |     4 |     6 |    15 |     2 |     5 ||    32
       Potion            |       |       |     1 |     2 |     4 ||     7
Armor: Scale mail        |    23 |       |       |       |       ||    23
       Chain mail        |    54 |   126 |   225 |   651 |  1710 ||  2766
       Skin              |       |       |       |     4 |       ||     4
Dodge: Dodged            |    54 |    70 |   251 |   285 |   743 ||  1403
Block: Buckler           |    20 |    37 |    79 |    80 |   313 ||   529
       Kite shield       |       |       |       |   324 |   846 ||  1170
       Reflection        |       |       |       |       |    13 ||    13

Table legend: (Time is in decaauts)
 A = Elapsed time spent in this place.
 B = Non-inter-level travel time spent in this place.
 C = Inter-level travel time spent in this place.
 D = Time resting spent in this place.
 E = Time spent auto-exploring this place.
 F = Levels seen in this place.
 G = Mean time per level.
                   A        B        C        D        E       F      G
               +--------+--------+--------+--------+--------+-----+--------+
         Total |  22351 |  21134 |   1217 |   2000 |  12080 |  23 |  971.8 |
       Dungeon |  11650 |  10961 |    689 |    733 |   7453 |  13 |  896.2 |
        Temple |    125 |    115 |     10 |      0 |    109 |   1 |  125.0 |
          Lair |   7548 |   7156 |    392 |    949 |   3397 |   6 | 1258.0 |
  Orcish Mines |   2706 |   2582 |    124 |    314 |   1062 |   2 | 1353.0 |
       Ossuary |    320 |    320 |      0 |      3 |     59 |   1 |  320.0 |
               +--------+--------+--------+--------+--------+-----+--------+

Top non-repeatable levels by time:
  Lair:6: 2013 daAuts
   Orc:2: 1671 daAuts
  Lair:5: 1578 daAuts
     D:9: 1431 daAuts
    D:12: 1243 daAuts
     D:1: 1204 daAuts
  Lair:4: 1122 daAuts
  Lair:3: 1099 daAuts
  Lair:2: 1067 daAuts
    D:10: 1054 daAuts
     D:4: 1048 daAuts
     D:5: 1037 daAuts
   Orc:1: 1034 daAuts
    D:11: 921 daAuts
     D:7: 841 daAuts
